 Dungeon Crawl Stone Soup version 0.27.1-4-g1640c2035a (webtiles) character file.

Game seed: 18148139237239937354

417 MisterFreud the Fighter (level 6, -7/61 HPs)
             Began as a Minotaur Abyssal Knight on Nov 16, 2021.
             Was a Priest of Lugonu.
             Mangled by a gnoll (8 damage)
             ... on level 5 of the Dungeon.
             The game lasted 00:04:40 (4768 turns).

MisterFreud the Fighter (Minotaur Abyssal Knight)   Turns: 4768, Time: 00:04:40

Health: -7/61      AC:  3    Str: 17    XL:     6   Next: 61%
Magic:  6/6        EV: 11    Int:  9    God:    Lugonu [***...]
Gold:   70         SH:  0    Dex: 11    Spells: 5/5 levels left

rFire    . . .     SeeInvis .   a - +1 falchion
rCold    . . .     Faith    .   (no shield)
rNeg     . . .     Spirit   .   b - +0 leather armour
rPois    .         Reflect  .   (helmet restricted)
rElec    .         Harm     .   (no cloak)
rCorr    .         Rampage  .   (no gloves)
Will     .....                  (no boots)
Stlth    +.........             (no amulet)
HPRegen  0.20/turn              (no ring)
MPRegen  0.10/turn              (no ring)

@: lethally poisoned (-7 -> -20), attractive
A: horns 2, retaliatory headbutt
a: Renounce Religion, Depart the Abyss, Bend Space, Banish


You were on level 5 of the Dungeon.
You worshipped Lugonu.
Lugonu was most pleased with you.
You visited 1 branch of the dungeon, and saw 5 of its levels.
You visited the Abyss 1 time.
You also visited: Sewer.

You collected 262 gold pieces.
You spent 192 gold pieces at shops.

Inventory:

Hand Weapons
 a - a +1 falchion (weapon)
 j - a +1 whip of draining
Missiles
 r - 2 javelins
 x - 10 poisoned darts
Armour
 b - a +0 leather armour (worn)
 u - a +0 kite shield
Wands
 s - a wand of polymorph (11)
Scrolls
 c - a scroll of magic mapping {unknown}
 d - 3 scrolls of enchant weapon {unknown}
 e - 3 scrolls of blinking
 f - a scroll of brand weapon {unknown}
 g - a scroll of noise {unknown}
 k - a scroll of vulnerability {unknown}
 n - a scroll of enchant armour {unknown}
 o - 2 scrolls of fear
 p - a scroll of teleportation
 t - a scroll of identify
 w - a scroll of fog {unknown}
 y - a scroll of summoning {unknown}
Potions
 h - 2 potions of ambrosia
 i - 3 potions of attraction
 l - a potion of resistance
 m - a potion of curing {unknown}
 q - 2 potions of degeneration {unknown}
 v - a potion of magic {unknown}
 z - a potion of heal wounds {unknown}
 A - 2 potions of might {unknown}
 B - a potion of invisibility {unknown}


   Skills:
 - Level 8.0 Fighting
 - Level 2.4 Long Blades
 - Level 2.4 Armour
 - Level 1.1 Dodging
 + Level 4.0 Shields
 - Level 1.7 Invocations


You had 5 spell levels left.
You didn't know any spells.
Your spell library contained the following spells:

 Spells                   Type           Power      Damage    Failure   Level
 Animate Skeleton         Necr           0%         N/A       43%         1
 Freeze                   Ice            0%         1d3       43%         1
 Pain                     Necr           0%         1d4       43%         1
 Ensorcelled Hibernation  Hex/Ice        0%         N/A       58%         2
 Dazzling Flash           Conj/Hex       0%         N/A       82%         3
 Frozen Ramparts          Ice            0%         1d2       82%         3
 Spider Form              Tmut/Pois      0%         N/A       82%         3
 Vampiric Draining        Necr           0%         2d6       82%         3
 Hailstorm                Conj/Ice       0%         3d3       99%         4
 Agony                    Necr           0%         N/A       100%        5
 Silence                  Hex/Air        0%         N/A       100%        5
 Shadow Creatures         Summ           N/A        N/A       100%        6


Dungeon Overview and Level Annotations

Branches:
Dungeon (5/15)              Sewer (visited)
 Temple: D:4-7

Altars:
Ashenzari
Dithmenos
Makhleb

Shops:
D:3 ?


Innate Abilities, Weirdness & Mutations

You have a pair of horns on your head.
You reflexively headbutt those who attack you in melee.


Message History

You slash the gnoll! Your headbutt misses the gnoll.
The gnoll is heavily wounded.
You feel very sick.
The gnoll hits you with a +2 spear of venom.
You are more poisoned.
You barely miss the gnoll.
The gnoll is heavily wounded.
You feel very sick.
The gnoll hits you with a +2 spear of venom.
You are more poisoned.
The gnoll hits you with a +2 spear of venom.
You are more poisoned.
You barely miss the gnoll.
The gnoll is heavily wounded.
You feel extremely sick.
The gnoll hits you with a +2 spear of venom.
You are lethally poisoned!
You barely miss the gnoll.
You headbutt the gnoll, but do no damage.
The gnoll is heavily wounded.
You feel extremely sick. The gnoll closely misses you.
You closely miss the gnoll.
The gnoll is heavily wounded.
* * * LOW HITPOINT WARNING * * *
You feel extremely sick. The gnoll misses you.
You hit the gnoll. Your headbutt misses the gnoll.
The gnoll is almost dead.
* * * LOW HITPOINT WARNING * * *
You feel very sick.
The gnoll hits you with a +2 spear of venom.
* * * LOW HITPOINT WARNING * * *
Unknown command.
It was a potion of attraction.
You feel attractive to monsters.
* * * LOW HITPOINT WARNING * * *
You feel very sick.
The gnoll hits you with a +2 spear of venom!
You die...

#.....#...#
#.....#..#
###........#
#.##......#
##........##
##........##
#..<......#
#......#...
#.@....#
##g....##
#......#
#......##
####.......###
#............#
####..........
##..........
#..........


You could see a gnoll.

Vanquished Creatures
  2 kobold brigands (Sewer)
  A bullfrog zombie (D:5)
  A hound (D:4)
  An orc priest (D:3)
  3 gnolls (D:4)
  A river rat (Sewer)
  6 adders
  4 worms
  2 dart slugs (D:1)
  3 orcs (D:3)
  12 endoplasms
  2 giant cockroaches
  2 goblins (D:3)
  2 hobgoblins (D:1)
  3 jackals (D:2)
  14 kobolds
  10 ball pythons
  3 bats
  A frilled lizard (D:1)
  9 rats
82 creatures vanquished.

Notes
Turn   | Place    | Note
-------+----------+-------------------------------------------
     0 | Abyss:1  | MisterFreud the Minotaur Abyssal Knight began the quest for
                  | the Orb.
     0 | Abyss:1  | Reached XP level 1. HP: 19/19 MP: 1/1
    29 | D:1      | Escaped the Abyss
   129 | D:1      | Reached skill level 4 in Fighting
   192 | D:1      | Reached XP level 2. HP: 20/28 MP: 2/2
   535 | D:1      | You fall into a shaft and drop 1 floor!
   609 | D:2      | Reached skill level 5 in Fighting
   796 | D:2      | Reached XP level 3. HP: 36/36 MP: 3/3
   803 | D:2      | Reached ** piety under Lugonu
  1003 | D:1      | Found a faded altar of an unknown god.
  1582 | D:2      | Found a shadowy altar of Dithmenos.
  2020 | D:3      | Found a burning altar of Makhleb.
  2253 | D:3      | Found a broken altar of Ashenzari.
  2335 | D:3      | Reached skill level 6 in Fighting
  2335 | D:3      | Reached XP level 4. HP: 27/44 MP: 4/4
  2556 | D:3      | Found Nitioz's Magic Scroll Emporium.
  2565 | D:3      | Bought a scroll of teleportation for 36 gold pieces
  2565 | D:3      | Bought a scroll of blinking for 90 gold pieces
  2565 | D:3      | Bought a scroll of identify for 24 gold pieces
  2565 | D:3      | Bought a scroll of fear for 42 gold pieces
  2956 | D:4      | Found a glowing drain.
  2966 | Sewer    | Entered a sewer
  2977 | Sewer    | Reached XP level 5. HP: 37/51 MP: 5/5
  2983 | Sewer    | Reached skill level 7 in Fighting
  3365 | Sewer    | Reached skill level 8 in Fighting
  3365 | Sewer    | Reached XP level 6. HP: 26/61 MP: 6/6
  4032 | D:4      | Reached *** piety under Lugonu
  4160 | D:5      | Entered Level 5 of the Dungeon
  4768 | D:5      | HP: 1/61 [poisoned by a gnoll]
  4768 | D:5      | Mangled by a gnoll

Illustrated notes

Levels and vault maps discovered:
D:1:      nicolae_arrival_somewhat_less_tricky_arrival, layout_basic,
          ebering_ecumenical_altar_webs, hex_large
D:2:      layout_basic, basic_altar, st_stairs_9
D:3:      layout_rooms, mainiacjoe_overflow_catch_the_wave, serial_shops,
          nicolae_lakefront_shop, guppyfry_early_lair_pool
D:4:      layout_rooms, cheibrodos_sewer_entry_bend
D:5:      layout_layer_cave, trog_ov_bears_minmay,
          minmay_temple_entry_crystal_x, due_unseen_surprise

Skill      XL: |  1  2  3  4  5  6 |
---------------+-------------------+-----
Fighting       | 4 5 6 8 |  8.0
Shields        | 2 4 |  4.0
Long Blades    | |  2.4
Armour         | |  2.4
Dodging        | |  1.1
Invocations    | |  1.7

Action                   |  1- 3 |  4- 6 || total
-------------------------+-------+-------++-------
Melee: Falchion          |   103 |   125 ||   228
       Headbutt          |    12 |    21 ||    33
  Use: Scroll            |       |     2 ||     2
       Potion            |       |     1 ||     1
Armor: Leather armour    |    33 |    25 ||    58
Dodge: Dodged            |    62 |    73 ||   135
       Rpst.: Falchion   |    14 |    14 ||    28
